[Event "GER-ch-Seniors-50 2019"]
[Site "Radebeul"]
[Date "2019.04.26"]
[Round "1.4"]
[White "Metz, Hartmut"]
[Black "Lauckner, Joerg"]
[Result "1-0"]
[ECO "B34"]
[WhiteElo "2251"]
[BlackElo "1975"]
[Annotator "RC"]
[PlyCount "83"]
[EventDate "2019.04.26"]
[EventType "swiss"]
[EventCountry "GER"]
[SourceTitle "playchess.com"]
[Source "ChessBase"]
[SourceQuality "1"]
[TimeControl "40/5400+30:1800+30"]

1. e4 c5 2. Nf3 g6 3. d4 cxd4 4. Nxd4 Nc6 5. Nc3 Bg7 6. Nde2 Nf6 7. g3 d6 8. Bg2 Bg4 9. h3 Be6 10. O-O Bc4 11. Be3 O-O 12. Rc1 Nd7 13. Re1 Qa5 14. Bd2 Rac8 15. a3 f5 16. Nd5 Qa6 17. exf5 Rxf5 18. Nec3 Re5 19. Qg4 Rd8 20. f4 Rxe1+ 21. Rxe1 Nf6 22. Nxf6+ exf6 23. Kh2 f5 24. Qd1 d5 25. b3 d4 26. Na4 Bf7 27. Nc5 Qb5 28. Ne6 Re8 29. Nxg7 Rxe1 30. Bxe1 Kxg7 31. Bf2 d3 32. c4 Qa5 33. Qxd3 Qxa3 34. h4 Qb2 35. Be1 Qc1 36. Bc3+ Kh6 37. Bf6 Qe1 38. Qd6 Qe2 39. Qf8+ Kh5 40. Qxf7 Kg4 41. Qxh7 Qe8 42. Qh6 1-0

[Event "GER-ch-Seniors-50 2019"]
[Site "Radebeul"]
[Date "2019.04.26"]
[Round "1.5"]
[White "Spiess, Thomas"]
[Black "Held, Peter"]
[Result "1/2-1/2"]
[ECO "A06"]
[WhiteElo "1965"]
[BlackElo "2179"]
[Annotator "NA RC"]
[PlyCount "90"]
[EventDate "2019.04.26"]
[EventType "swiss"]
[EventCountry "GER"]
[SourceTitle "playchess.com"]
[Source "ChessBase"]
[SourceQuality "1"]
[TimeControl "40/5400+30:1800+30"]

1. Nf3 d5 2. c4 c6 3. e3 e6 4. d4 f5 5. Bd3 Nf6 6. O-O Bd6 7. b3 Qe7 8. Bb2 O-O 9. Qc1 b6 10. Ba3 c5 11. Nc3 Nbd7 12. cxd5 Nxd5 13. Nb5 Bb8 14. dxc5 bxc5 15. Rd1 Bb7 16. Qd2 a6 17. Nbd4 Bd6 18. Ne2 Rfd8 19. Ng3 Ne5 20. Nxe5 Bxe5 21. Rac1 Rac8 22. Qe2 Nc3 23. Rxc3 Bxc3 24. Rc1 Be5 25. Bc4 Kh8 26. f4 Bf6 27. Nh5 Rd7 28. Nxf6 gxf6 29. Bb2 Rcd8 30. Bc3 Rd6 31. Qh5 Qg7 32. g3 Be4 33. Qh4 e5 34. fxe5 fxe5 35. Bxa6 Rd1+ 36. Rxd1 Rxd1+ 37. Kf2 Rd6 38. Bc4 Bd5 39. Bxd5 Rxd5 40. Qa4 Qf8 41. Qc6 Qd8 42. Qe6 Rd2+ 43. Bxd2 Qxd2+ 44. Kf3 Qd1+ 45. Kf2 Qd2+ 1/2-1/2

[Event "GER-ch-Seniors-50 2019"]
[Site "Radebeul"]
[Date "2019.04.26"]
[Round "1.6"]
[White "Terhorst, Jochen"]
[Black "Steinert, Frank"]
[Result "1/2-1/2"]
[ECO "C06"]
[WhiteElo "2165"]
[BlackElo "1960"]
[Annotator "NA"]
[PlyCount "46"]
[EventDate "2019.04.26"]
[EventType "swiss"]
[EventCountry "GER"]
[SourceTitle "playchess.com"]
[Source "ChessBase"]
[SourceQuality "1"]
[TimeControl "40/5400+30:1800+30"]

1. e4 e6 2. d4 d5 3. Bd3 Nf6 4. e5 Nfd7 5. Ne2 c5 6. c3 Nc6 7. Nd2 cxd4 8. cxd4 f6 9. Nf4 Nxd4 10. Qh5+ Ke7 11. exf6+ Nxf6 12. Qh4 e5 13. Ng6+ hxg6 14. Qxh8 Kf7 15. Qh4 e4 16. Bb1 Qc7 17. O-O Bd6 18. f4 Ne2+ 19. Kh1 Bf5 20. Nb3 d4 21. Bd2 e3 22. Bxf5 gxf5 23. Nxd4 exd2 1/2-1/2

[Event "GER-ch-Seniors-50 2019"]
[Site "Radebeul"]
[Date "2019.04.27"]
[Round "2.1"]
[White "Belke, Frank, Dr."]
[Black "Schulze, Andreas"]
[Result "1-0"]
[ECO "A80"]
[WhiteElo "2283"]
[BlackElo "2135"]
[Annotator "NA"]
[PlyCount "181"]
[EventDate "2019.04.26"]
[EventType "swiss"]
[EventCountry "GER"]
[SourceTitle "playchess.com"]
[Source "ChessBase"]
[SourceQuality "1"]
[TimeControl "40/5400+30:1800+30"]

1. d4 f5 2. Nc3 Nf6 3. Bg5 d5 4. f3 Nc6 5. Nh3 (5. Qd2 h6 6. Bxf6 exf6 7. e3 Be6 8. Bb5 Qd7 9. Nge2 a6 10. Ba4 O-O-O 11. a3 b5 12. Bb3 Na5 {½-½ (26) Kveinys,A (2509)-Pap,M (2493) Bad Woerishofen 2017}) 5... e6 6. Qd2 {[%emt 0:01:51] A80: Dutch Defence: Unusual White second moves} Bb4 7. a3 Ba5 $146 ({Predecessor:} 7... Be7 8. e3 O-O 9. Nf2 a6 10. Be2 Kh8 11. Nd3 Qe8 12. Bf4 Bd6 {½-½ (42) Brumen,D (2359)-Deglmann,L (2402) Austria 2011}) 8. e3 O-O 9. Be2 a6 10. b4 Bb6 11. f4 Qe8 12. Nf2 Nd8 13. Bxf6 Rxf6 14. g4 c6 15. g5 Rf8 16. Na4 Bc7 17. Nc5 b6 18. Nb3 Nb7 19. O-O Nd6 20. a4 Bd7 21. a5 b5 22. Nc5 Qe7 23. Bf3 Bc8 24. Nfd3 Nc4 25. Qe2 Bd6 26. h4 Ra7 27. Rf2 Kh8 28. Rg2 Rc7 29. Kf2 Ra7 30. Rh1 Bd7 31. c3 Be8 32. Ke1 Ra8 33. Kd1 Ra7 34. Kc1 Ra8 35. Qe1 Ra7 36. Bd1 Bc7 37. h5 Bd6 38. Bb3 Ra8 39. Qg3 Ra7 40. Bxc4 bxc4 41. Ne5 Bxe5 42. dxe5 Bd7 43. Qe1 Bc8 44. Qd2 Ra8 45. Qd4 Rb8 46. Kc2 Kg8 47. Rb1 Qc7 48. Rf2 Qe7 49. Na4 Rb5 50. Rbf1 Qc7 51. Nc5 Qe7 52. Rd2 Qc7 53. Kd1 Qe7 54. Ke2 Qc7 55. Kf2 Qe7 56. Ra1 Qc7 57. h6 g6 58. Rdd1 Qe7 59. Qd2 Qc7 60. Qc1 Qa7 61. Rd4 Qe7 62. Qa3 Qa7 63. Rad1 Qe7 64. R1d2 Qa7 65. Qa2 Qe7 66. Na4 Bd7 (66... Rb8 $142 67. Kf3 Rb5) 67. Nb6 Be8 68. Nc8 Qc7 69. Nd6 Rb8 70. Qa3 $2 (70. Rb2 $18) 70... Bf7 (70... c5 $1 $11 71. bxc5 Rb3) 71. Nxc4 ({White should try} 71. Rb2 $16) 71... c5 $1 72. bxc5 dxc4 73. Rxc4 Qc6 74. Rd1 Rfd8 75. Rxd8+ Rxd8 76. Rd4 Rxd4 77. cxd4 Be8 78. Qb3 Kf8 79. Qb8 Ke7 80. Qa7+ Bd7 81. Qb8 {[%emt 0:00:01] [#]} (81. Qb6 $11) 81... Qc8 ({Better is} 81... Bc8 $1 $17 82. Ke2 Qb5+ 83. Qxb5 axb5) 82. Qd6+ Ke8 $1 83. d5 exd5 84. Qf6 Qc6 $2 (84... Qxc5 $11 85. Qh8+ (85. e6 Bb5 $11) 85... Ke7) 85. Qh8+ {[%emt 0:00:28] Double Attack} Ke7 86. Qxh7+ Kd8 87. Qh8+ Kc7 88. Qf6 Qa4 89. Qb6+ Kc8 90. Qxa6+ Kd8 91. h7 1-0

[Event "GER-ch-Seniors-50 2019"]
[Site "Radebeul"]
[Date "2019.04.28"]
[Round "3.1"]
[White "Stahr, Ralf-Peter"]
[Black "Belke, Frank"]
[Result "1/2-1/2"]
[ECO "A27"]
[WhiteElo "2160"]
[BlackElo "2283"]
[Annotator "NA"]
[PlyCount "121"]
[EventDate "2019.04.26"]
[EventType "swiss"]
[EventCountry "GER"]
[SourceTitle "playchess.com"]
[Source "ChessBase"]
[SourceQuality "1"]
[TimeControl "40/5400+30:1800+30"]

1. c4 e5 2. Nc3 Nc6 3. Nf3 f5 4. d4 e4 5. Ng5 h6 6. Nh3 g5 7. e3 {[%emt 0:00:22] A27: English Opening: Three Knights Variation} Bg7 8. Be2 Nf6 9. Bh5+ (9. f3 exf3 10. gxf3 d5 11. Nf2 Be6 12. e4 fxe4 13. fxe4 O-O 14. cxd5 Nxd5 15. exd5 Bxd5 {1-0 (25) Naiditsch,A (2702)-Kulkarni,R (2344) Caleta 2017}) 9... Nxh5 10. Qxh5+ Kf8 11. f3 exf3 12. Qxf3 d6 13. O-O Kg8 14. g4 $146 ({Predecessor:} 14. Kh1 Bd7 15. Ng1 Kh7 {1-0 (41) Nagy,E (2269)-Brustkern,J (2283) Budapest 2011}) 14... Ne7 15. Nd5 Nxd5 16. Qxd5+ Kh7 17. gxf5 Rf8 18. Bd2 Qe7 19. f6 Bxf6 20. Nf2 Bg7 21. b3 Rb8 22. Rae1 Bd7 23. Qg2 Bc6 24. d5 Bd7 25. Ne4 Rxf1+ 26. Rxf1 Rf8 27. Rxf8 Qxf8 28. Ng3 Be8 29. Qe2 Bg6 30. e4 Be5 31. Nf1 Qe8 32. Be3 b6 33. Kf2 Bh5 34. Qd2 Qf7+ 35. Kg1 Qf3 36. Qg2 Qf6 37. h3 Bf3 38. Qc2 Kg7 39. Nd2 Bh5 40. Qd3 g4 41. hxg4 Bxg4 42. Qf1 Qh4 43. Qf2 Qxf2+ 44. Kxf2 Kg6 45. Nf3 Bf6 46. b4 h5 47. c5 h4 48. cxb6 $11 cxb6 49. Bf4 Be7 50. Nd4 h3 51. Kg3 Kh5 52. Nf3 a6 53. a3 Bd7 54. e5 dxe5 55. Nxe5 Bf5 56. Nc6 Bh4+ 57. Kf3 Bg5 58. Bh2 Kg6 59. Nb8 a5 60. d6 Kf7 61. Nc6 1/2-1/2

[Event "GER-ch-Seniors-50 2019"]
[Site "Radebeul"]
[Date "2019.04.28"]
[Round "3.2"]
[White "Nekrasov, Mihail"]
[Black "Loew, Gerald"]
[Result "1-0"]
[ECO "C41"]
[WhiteElo "2277"]
[BlackElo "2157"]
[Annotator "NA"]
[PlyCount "91"]
[EventDate "2019.04.26"]
[EventType "swiss"]
[EventCountry "GER"]
[SourceTitle "playchess.com"]
[Source "ChessBase"]
[SourceQuality "1"]
[TimeControl "40/5400+30:1800+30"]

1. e4 d6 2. d4 Nf6 3. Nc3 e5 4. Nf3 Nbd7 5. Bc4 Be7 6. O-O O-O 7. Re1 c6 8. a4 b6 9. Ba2 a6 10. h3 Rb8 11. Be3 b5 12. axb5 axb5 13. b4 Qc7 14. Bb3 Nb6 15. Qd3 Bd7 16. Ra6 Nc4 17. Bxc4 bxc4 18. Qxc4 Nxe4 19. dxe5 Nxc3 20. Qxc3 dxe5 21. Qxe5 Bd6 22. Qa5 Qxa5 23. bxa5 Bb4 24. Rd1 Be6 25. Ne5 c5 26. Nc6 Rb5 27. Nxb4 cxb4 28. Ra1 b3 29. cxb3 Rxb3 30. Rb6 Ra8 31. Rxb3 Bxb3 32. a6 f6 33. a7 Bd5 34. Ra5 Bc6 35. Rc5 Bb7 36. Rc7 Bd5 37. f3 Re8 38. Kf2 Ba8 39. g4 h6 40. h4 Bd5 41. Bd4 Rf8 42. g5 hxg5 43. hxg5 Rf7 44. Rc5 Ba8 45. g6 Rf8 46. Rb5 1-0

[Event "GER-ch-Seniors-50 2019"]
[Site "Radebeul"]
[Date "2019.04.28"]
[Round "3.3"]
[White "Metz, Hartmut"]
[Black "Koehler, Gerhard"]
[Result "1/2-1/2"]
[ECO "B37"]
[WhiteElo "2251"]
[BlackElo "2153"]
[Annotator "NA"]
[PlyCount "191"]
[EventDate "2019.04.26"]
[EventType "swiss"]
[EventCountry "GER"]
[SourceTitle "playchess.com"]
[Source "ChessBase"]
[SourceQuality "1"]
[TimeControl "40/5400+30:1800+30"]

1. e4 c5 2. Nf3 g6 3. d4 cxd4 4. Nxd4 Nc6 5. c4 Bg7 6. Nc2 d6 7. Be2 Qa5+ {[%emt 0:08:06] B37: Sicilian: Maroczy Bind with 5...Bg7, sidelines} (7... Nf6 8. Nc3 O-O 9. O-O Be6 10. Bd2 Nd7 11. Rc1 Nc5 12. b4 Bxc3 13. Bxc3 Nxe4 14. Ba1 a5 15. b5 Ne5 16. Qd4 Nf6 17. Ne3 Ned7 18. Bf3 {1-0 (33) Aronian,L (2785)-Flores,D (2579) Doha 2016}) 8. Bd2 Qb6 9. Nc3 Nf6 10. O-O O-O 11. Rc1 Be6 $146 ({Predecessor:} 11... a5 12. Ne3 Nd7 13. Na4 Qd8 14. f3 Nc5 15. Nc3 {½-½ (41) Pick,S (2115)-Ellers,H (2305) Pardubice 1996}) 12. b3 Rfc8 13. Nd5 Qd8 14. f3 Bd7 15. Kh1 Nxd5 16. exd5 Nd4 17. Nxd4 Bxd4 18. Bg5 Bg7 19. Bd3 Qf8 20. Rc2 Bh6 21. Bh4 Bf4 22. Qe1 Re8 23. Re2 Qh6 24. Bg3 Bg5 25. Bf2 Bf6 26. Be3 Qg7 27. Qc1 b6 28. Bh6 Qh8 29. Qe1 Bc3 30. Bd2 Bxd2 31. Qxd2 Qf6 32. Rfe1 Kg7 33. Re4 e5 34. dxe6 Rxe6 35. Rxe6 Bxe6 36. Be4 Rd8 37. Rd1 Qe5 38. Kg1 f5 39. Bb7 Qc5+ 40. Kh1 Rd7 41. Ba8 Rd8 42. Qb2+ Kf7 43. Bb7 b5 44. Bd5 Bxd5 45. Rxd5 Qe3 46. h3 Qe1+ 47. Kh2 f4 48. Qd2 Qxd2 49. Rxd2 bxc4 50. bxc4 Ke6 51. h4 d5 52. Re2+ Kf6 53. cxd5 Rxd5 54. Re4 Kf5 55. Ra4 a5 56. Rc4 h6 57. Rc6 h5 58. Ra6 Rc5 59. a3 Rb5 60. a4 Rd5 61. Kg1 g5 62. Rh6 gxh4 63. Rxh5+ {[%emt 0:00:05] Double Attack} Ke6 64. Rh6+ Kd7 65. Ra6 Kc7 66. Kh2 Kb7 67. Re6 Rd4 68. Re4 Rb4 69. Kh3 Kc6 70. Kg4 Rb2 71. Rxf4 Rxg2+ 72. Kxh4 Kc5 73. Re4 Rg1 74. f4 Rg2 75. Kh5 Rg1 76. Kh6 $2 (76. f5 $18 Kd5 77. Re2) 76... Rg2 $2 (76... Rg4 $11) 77. Kh5 Rg1 78. Kh6 Rg2 79. f5 Kd5 80. Re8 Rg4 81. f6 Rxa4 82. f7 Rf4 83. f8=Q Rxf8 84. Rxf8 Kc4 85. Kg5 a4 86. Kf4 a3 87. Ke3 Kc3 88. Rc8+ Kb2 89. Rb8+ Kc2 90. Ra8 Kb2 91. Kd3 a2 92. Rb8+ Kc1 93. Rc8+ Kb1 $11 94. Kd2 a1=Q 95. Rb8+ Qb2+ 96. Rxb2+ 1/2-1/2

[Event "GER-ch-Seniors-50 2019"]
[Site "Radebeul"]
[Date "2019.04.28"]
[Round "3.4"]
[White "Reitmaier, Adolf"]
[Black "Held, Peter"]
[Result "0-1"]
[ECO "D10"]
[WhiteElo "1476"]
[BlackElo "2179"]
[Annotator "NA"]
[PlyCount "60"]
[EventDate "2019.04.26"]
[EventType "swiss"]
[EventCountry "GER"]
[SourceTitle "playchess.com"]
[Source "ChessBase"]
[SourceQuality "1"]
[TimeControl "40/5400+30:1800+30"]

1. c4 c6 2. Nc3 d5 3. d4 dxc4 4. e4 b5 5. Nf3 Bg4 6. Be2 Nf6 7. O-O e6 8. Bg5 h6 9. Bxf6 Qxf6 10. d5 b4 11. Na4 exd5 12. exd5 Bd6 13. Bxc4 O-O 14. dxc6 Bxf3 15. Qxf3 Qh4 16. g3 Qxc4 17. Rfc1 Qb5 18. b3 Rc8 19. Qd1 Be7 20. c7 Na6 21. Qf3 Bf6 22. Qxa8 Rxa8 23. c8=Q+ Rxc8 24. Rxc8+ Kh7 25. Rac1 Bd4 26. R1c2 Nb8 27. R2c4 Qf5 28. Rc2 Bc3 29. R2xc3 bxc3 30. Rxc3 Nd7 0-1

[Event "GER-ch-Seniors-50 2019"]
[Site "Radebeul"]
[Date "2019.04.28"]
[Round "3.5"]
[White "Terhorst, Jochen"]
[Black "Krien, Hartmut"]
[Result "1/2-1/2"]
[ECO "B03"]
[WhiteElo "2165"]
[BlackElo "1853"]
[Annotator "NA"]
[PlyCount "30"]
[EventDate "2019.04.26"]
[EventType "swiss"]
[EventCountry "GER"]
[SourceTitle "playchess.com"]
[Source "ChessBase"]
[SourceQuality "1"]
[TimeControl "40/5400+30:1800+30"]

1. e4 Nf6 2. e5 Nd5 3. d4 d6 4. Bc4 Nb6 5. Bb3 a5 6. a4 g6 7. e6 Bxe6 8. Bxe6 fxe6 9. Nh3 Qd7 10. O-O Nc6 11. Re1 Bg7 12. Ng5 Nxd4 13. Be3 Nf5 14. Bxb6 cxb6 15. Nxe6 Bxb2 1/2-1/2

[Event "GER-ch-Seniors-50 2019"]
[Site "Radebeul"]
[Date "2019.04.28"]
[Round "3.6"]
[White "Schmidt, Gerhard"]
[Black "Schatz, Christian"]
[Result "1-0"]
[ECO "E69"]
[WhiteElo "2172"]
[BlackElo "2150"]
[Annotator "NA"]
[PlyCount "100"]
[EventDate "2019.04.26"]
[EventType "swiss"]
[EventCountry "GER"]
[SourceTitle "playchess.com"]
[Source "ChessBase"]
[SourceQuality "1"]
[TimeControl "40/5400+30:1800+30"]

1. Nf3 Nf6 2. c4 g6 3. g3 Bg7 4. Bg2 O-O 5. d4 d6 6. O-O Nbd7 7. Nc3 e5 8. e4 c6 9. h3 exd4 10. Nxd4 Re8 11. Be3 Nb6 12. b3 d5 13. c5 Nbd7 14. exd5 Nxd5 15. Nxd5 cxd5 16. Rc1 Ne5 17. Nb5 Be6 18. Nd6 Rf8 19. Nxb7 Qd7 20. Nd6 Bxh3 21. Qxd5 Bxg2 22. Kxg2 Rad8 23. Bd4 Rfe8 24. Rfd1 Re6 25. Ba1 h5 26. Kg1 h4 27. gxh4 g5 28. hxg5 Rg6 29. Bxe5 Rxg5+ 30. Bg3 Rxd5 31. Rxd5 Qc6 32. Nf5 Qe8 33. Rxd8 Qxd8 34. c6 Qd2 35. Rc4 Qd1+ 36. Kh2 Qh5+ 37. Nh4 Be5 38. Bxe5 Qxe5+ 39. f4 Qe2+ 40. Ng2 Qh5+ 41. Kg3 Qg6+ 42. Kf2 Qf5 43. c7 Qc8 44. Ne3 Kg7 45. Nf5+ Kf6 46. Nd6 Qh3 47. Ne4+ Kg7 48. c8=Q Qh2+ 49. Ke3 Qg1+ 50. Ke2 Qg2+ {[%emt 0:00:00] Qc5} 1-0

[Event "GER-ch-Seniors-50 2019"]
[Site "Radebeul"]
[Date "2019.04.30"]
[Round "5.1"]
[White "Nekrasov, Mihail"]
[Black "Koehler, Gerhard"]
[Result "1-0"]
[ECO "C05"]
[WhiteElo "2277"]
[BlackElo "2153"]
[Annotator "NA"]
[PlyCount "59"]
[EventDate "2019.04.26"]
[EventType "swiss"]
[EventCountry "GER"]
[SourceTitle "playchess.com"]
[Source "ChessBase"]
[SourceQuality "1"]
[TimeControl "40/5400+30:1800+30"]

1. e4 e6 2. d4 d5 3. Nd2 Nf6 4. e5 Nfd7 5. Bd3 c5 6. c3 Nc6 7. Ne2 Qb6 8. Nf3 cxd4 9. cxd4 Be7 10. O-O Qd8 11. a3 Nb6 12. b3 Bd7 13. Bd2 a5 14. Nc3 f5 15. exf6 gxf6 $18 (15... Bxf6 $16 {was necessary.} 16. Nb5 O-O) 16. Nh4 Bc8 17. Nb5 Kd7 18. Bf4 Qg8 19. Nc7 Nxd4 20. Nxa8 Nxa8 21. b4 Nc6 22. Bg3 Qg7 23. Re1 Kd8 24. Bb5 Ne5 25. Qd4 Bd6 26. f4 Nf7 27. Rac1 axb4 28. axb4 Bc7 29. Qd3 f5 30. Nxf5 1-0

[Event "GER-ch-Seniors-50 2019"]
[Site "Radebeul"]
[Date "2019.04.30"]
[Round "5.2"]
[White "Metz, Hartmut"]
[Black "Held, Peter"]
[Result "1-0"]
[ECO "C45"]
[WhiteElo "2251"]
[BlackElo "2179"]
[Annotator "NA"]
[PlyCount "75"]
[EventDate "2019.04.26"]
[EventType "swiss"]
[EventCountry "GER"]
[SourceTitle "playchess.com"]
[Source "ChessBase"]
[SourceQuality "1"]
[TimeControl "40/5400+30:1800+30"]

1. e4 e5 2. Nf3 Nc6 3. d4 exd4 4. Nxd4 Nf6 5. Nxc6 bxc6 6. e5 Qe7 7. Qe2 $1 Nd5 8. c4 Ba6 9. g3 g6 10. Bg2 {[%emt 0:01:33] C45: Scotch Game} (10. b3 Bg7 11. Bb2 O-O 12. Bg2 Rfe8 13. O-O Bxe5 14. Qxe5 Qxe5 15. Bxe5 Rxe5 16. cxd5 Bxf1 17. Kxf1 cxd5 18. Na3 c6 19. Rd1 Kf8 20. Bf3 a5 {½-½ (48) Salgado Lopez,I (2644)-Eljanov,P (2711) Riadh 2017}) 10... Bg7 11. O-O O-O-O ({Stronger than} 11... Bxe5 12. Re1 $16) (11... O-O $1 $15) 12. Re1 Qb4 $146 ({Predecessor:} 12... Kb8 13. Qc2 Nb6 14. Na3 c5 15. b4 cxb4 16. c5 bxa3 17. Bxa3 c6 18. Qb2 d5 19. cxb6 Qd7 20. bxa7+ Ka8 21. Bc5 h5 22. Rab1 {1-0 (22) Meisel,D (1830)-Jimenez,J (1997) Chessfriend.com 2003}) 13. Nd2 Rhe8 14. a3 Qc5 15. Qd1 Nb6 16. Ne4 Qxe5 17. c5 Nd5 18. Nd6+ cxd6 19. Rxe5 Rxe5 20. cxd6 Rde8 21. Bd2 Bf8 22. f4 R5e6 23. Bxd5 cxd5 24. Qc2+ Kb8 25. Qc7+ Ka8 26. Bb4 Bb7 27. Bc5 Rc8 28. Qa5 Rxc5 29. Qxc5 Bxd6 30. Qa5 Bc6 31. Re1 Bc7 32. Qb4 Bb6+ 33. Kf1 Re4 34. Rxe4 dxe4 35. a4 h5 36. a5 Bc7 37. a6 d6 $18 38. Qc4 1-0

[Event "GER-ch-Seniors-50 2019"]
[Site "Radebeul"]
[Date "2019.04.30"]
[Round "5.3"]
[White "Mueller, Michael"]
[Black "Belke, Frank"]
[Result "1/2-1/2"]
[ECO "A48"]
[WhiteElo "2163"]
[BlackElo "2283"]
[Annotator "NA"]
[PlyCount "179"]
[EventDate "2019.04.26"]
[EventType "swiss"]
[EventCountry "GER"]
[SourceTitle "playchess.com"]
[Source "ChessBase"]
[SourceQuality "1"]
[TimeControl "40/5400+30:1800+30"]

1. d4 Nf6 2. Nf3 g6 3. Bf4 Bg7 4. e3 O-O 5. h3 d5 6. Bd3 c5 7. c3 b6 8. Qe2 Bb7 9. Nbd2 Nc6 10. O-O Nd7 {[%emt 0:00:57] A48: 1 d4 Nf6 2 Nf3 g6: Torre, London and Colle Systems} 11. Rad1 (11. Rfd1 e5 12. dxe5 Ndxe5 13. Bb5 a6 14. Bxc6 Nxf3+ 15. Nxf3 Bxc6 16. c4 Re8 17. cxd5 Bxd5 18. Rd2 Bxf3 19. gxf3 {0-1 (54) Tang,A (2513)-Yu,Y (2760) chess.com INT 2018}) 11... e5 12. dxe5 Ndxe5 13. Ba6 Bxa6 14. Qxa6 Qe7 15. Nxe5 $146 ({Predecessor:} 15. Rfe1 Rad8 16. Re2 c4 17. Bxe5 Bxe5 18. Nf1 {1-0 (53) Vokoun,J (2195)-Rous,D (2161) Prague 2014}) 15... Nxe5 16. Bxe5 Qxe5 17. Nf3 Qe6 18. Rfe1 Qc6 19. Rd2 Rfd8 20. Red1 Bf6 21. Qe2 Qe6 22. Rd3 d4 23. cxd4 Qxa2 24. dxc5 Rxd3 25. Rxd3 bxc5 26. Rd7 Rb8 27. e4 Rxb2 28. Qe3 Qb1+ 29. Kh2 Rb7 30. Rxb7 Qxb7 31. Qxc5 Bd8 32. e5 Be7 33. Qe3 Qb6 ({Black should play} 33... a5 $17 34. Ng5 a4) 34. Qd2 a5 35. Qd7 Qc5 36. Kg1 Kg7 37. g3 {[%emt 0:03:32] [#]} (37. g4 $11) 37... Qb4 $1 38. e6 Qd6 39. Qb5 Qxe6 40. Qxa5 Qxh3 41. Qe5+ Bf6 42. Qe4 h5 43. Qf4 Qd7 44. Qe4 Qh3 45. Qf4 $1 Qe6 46. Kg2 Qd5 47. Qd2 Qe4 48. Qe1 Qc6 49. Qe3 g5 50. Kg1 Qd5 51. Qe2 Qf5 52. Nh2 g4 53. Nf1 Bd4 54. Qd2 Qe5 55. Qd3 f5 ({Black should try} 55... Bc5 $17 56. Qd2) 56. Qd2 Kg6 57. Qd3 Qe4 58. Qa6+ Kg5 59. Qc8 Qd5 60. Qc1+ Kg6 61. Qc8 Kg5 62. Qc1+ Kg6 63. Qc8 Qe5 64. Qg8+ Qg7 65. Qe6+ Kg5 66. Ne3 Bxe3 67. Qxe3+ Kg6 68. Qe6+ Qf6 69. Qg8+ Kh6 70. Kg2 f4 71. gxf4 Qxf4 72. Qh8+ Kg5 73. Qg7+ Kh4 74. Qe7+ Qg5 75. Qe4 Qf6 76. Qd5 Qe7 77. Qc6 Qe5 78. Qc4 Kg5 79. Qg8+ Kf4 80. Qf7+ Qf5 81. Qc7+ Qe5 82. Qf7+ Kg5 83. Qg8+ Kf5 84. Qf7+ Ke4 85. f3+ Ke3 86. fxg4 $11 Qe4+ 87. Kg3 Qxg4+ 88. Kh2 Qh4+ 89. Kg2 Qe4+ 90. Kh2 1/2-1/2

[Event "GER-ch-Seniors-50 2019"]
[Site "Radebeul"]
[Date "2019.04.29"]
[Round "5.4"]
[White "Stahr, Ralf-Peter"]
[Black "Schmidt, Gerhard"]
[Result "1-0"]
[ECO "E92"]
[WhiteElo "2160"]
[BlackElo "2077"]
[Annotator "NA"]
[PlyCount "165"]
[EventDate "2019.04.26"]
[EventType "swiss"]
[EventCountry "GER"]
[SourceTitle "playchess.com"]
[Source "ChessBase"]
[SourceQuality "1"]
[TimeControl "40/5400+30:1800+30"]

1. c4 Nf6 2. Nc3 g6 3. e4 d6 4. d4 Bg7 5. Be2 O-O 6. Nf3 e5 7. dxe5 dxe5 8. Qxd8 Rxd8 9. Bg5 Re8 10. Nd5 Nxd5 11. cxd5 c6 12. Bc4 b5 13. Bb3 Bb7 14. Rd1 cxd5 {[%emt 0:06:48] E92: King's Indian: Classical: 6 Be2 e5: 7 dxe5, 7 Be3 and Petrosian System without 7...Nbd7} 15. Bxd5 Bxd5 16. Rxd5 Nc6 17. Ke2 f5 18. Rc1 Nd4+ $146 ({Predecessor:} 18... Rac8 19. Rdc5 Nd4+ 20. Nxd4 Rxc5 21. Rxc5 exd4 22. f3 {½-½ (46) Gromovs,S (2375)-Dvirnyy,D (2141) Falconara Marittima 2005}) 19. Kd3 Ne6 20. Rxb5 h6 21. Be3 Rad8+ 22. Ke2 Nd4+ 23. Bxd4 exd4 24. e5 g5 25. Rcc5 a6 26. Ra5 d3+ 27. Kd1 Rb8 28. b3 g4 29. Nd4 Rb4 30. Nxf5 Rf4 31. Nxg7 Kxg7 32. Kd2 Rxf2+ 33. Kxd3 Rxg2 34. Rxa6 Rxh2 35. Ke4 Rf2 36. Rc7+ Rf7 37. Rxf7+ Kxf7 38. Rxh6 Rg8 39. Rh2 g3 40. Rg2 Ke6 41. Kf4 Rf8+ 42. Kxg3 Kxe5 43. Rf2 Rg8+ 44. Kf3 Kd4 45. Ke2 Kc3 46. Ke3 Re8+ 47. Kf3 Re7 48. Re2 Rf7+ 49. Ke3 Rf8 50. Rh2 Re8+ 51. Kf4 Re1 (51... Kb4 $16) 52. Rh3+ Kb4 53. Re3 Ra1 54. Re2 (54. Re4+ $18 Kb5 55. a4+ Ka5 56. Re5+ Ka6 57. Rb5) 54... Ka3 55. Ke3 Rd1 56. Rd2 Re1+ 57. Kd3 Re8 58. Kc4 Rc8+ 59. Kb5 Rb8+ 60. Kc6 Rc8+ 61. Kb6 Rb8+ 62. Kc7 Rb4 63. Rh2 Rg4 64. Kc6 Rg6+ 65. Kc5 Rg5+ (65... Rg2 $1 $11 {remains equal.} 66. Rh4 Rg5+ 67. Kc4 Rg2) 66. Kc4 Rg4+ 67. Kc3 Rg3+ 68. Kd4 Rg4+ 69. Ke3 Rg8 70. Re2 Rf8 71. Kd4 Rd8+ 72. Kc5 Rc8+ 73. Kd6 Rd8+ 74. Kc7 Rd4 75. Rc2 Rh4 76. Rc4 Rh7+ {[%emt 0:00:15] [#]} 77. Kb6 $1 Kxa2 $2 (77... Rh6+ $16 78. Kb5 Rh5+ 79. Rc5 Rh7) 78. b4 Kb3 $18 79. Rd4 Rh6+ 80. Ka5 Kc3 81. Re4 Kd3 82. Rf4 Ke3 83. Rg4 1-0

[Event "GER-ch-Seniors-50 2019"]
[Site "Radebeul"]
[Date "2019.04.30"]
[Round "5.5"]
[White "Valet, Richard"]
[Black "Schatz, Christian"]
[Result "1/2-1/2"]
[ECO "B13"]
[WhiteElo "2051"]
[BlackElo "2150"]
[Annotator "NA"]
[PlyCount "20"]
[EventDate "2019.04.26"]
[EventType "swiss"]
[EventCountry "GER"]
[SourceTitle "playchess.com"]
[Source "ChessBase"]
[SourceQuality "1"]
[TimeControl "40/5400+30:1800+30"]

1. e4 c6 2. d4 d5 3. exd5 cxd5 4. Bd3 Nc6 5. c3 g6 6. Bf4 Bg7 7. Nf3 Nf6 8. h3 O-O 9. Qc2 Nd7 10. Nbd2 e5 1/2-1/2

[Event "GER-ch-Seniors-50 2019"]
[Site "Radebeul"]
[Date "2019.04.30"]
[Round "5.6"]
[White "Schulze, Andreas"]
[Black "Steiger, Michael"]
[Result "0-1"]
[ECO "B40"]
[WhiteElo "2135"]
[BlackElo "1982"]
[Annotator "NA"]
[PlyCount "84"]
[EventDate "2019.04.26"]
[EventType "swiss"]
[EventCountry "GER"]
[SourceTitle "playchess.com"]
[Source "ChessBase"]
[SourceQuality "1"]
[TimeControl "40/5400+30:1800+30"]

1. e4 c5 2. Nf3 e6 3. d4 cxd4 4. Nxd4 Qb6 5. Nb3 Qc7 6. Bd3 Nf6 7. Be3 {[%emt 0:01:17] B40: Sicilian: 2...e6, Unusual lines} d6 8. N1d2 (8. f4 Nbd7 9. N1d2 b6 10. g4 h6 11. Qe2 Bb7 12. O-O-O Be7 13. h4 h5 14. g5 Ng4 {1-0 (53) Ponomariov,R (2709)-Novikov,S (2513) Tallinn 2016}) 8... Be7 9. O-O O-O 10. f4 e5 $146 ({Predecessor:} 10... Nbd7 11. Qf3 b6 12. Qh3 g6 13. Nd4 Nc5 14. f5 Nxd3 15. cxd3 {1-0 (27) Demirez,I (1515)-Kelemci,M (1624) Konya 2018}) 11. Be2 d5 12. fxe5 Nxe4 13. Nf3 Be6 14. Kh1 Nc6 15. Bf4 g5 16. Be3 Nxe5 17. Nfd4 Nc4 18. Bxc4 Qxc4 19. Nf5 Bf6 20. Nd2 Qc7 21. Nxe4 dxe4 22. Qh5 Kh8 23. Ng3 Bxb2 24. Rab1 Be5 25. Nxe4 f6 26. Nc5 Bf7 27. Qf3 b6 28. Nd3 Bc3 29. Rbd1 Rad8 30. Bc1 Bd5 31. Qh3 Bxa2 32. Nf2 Qc8 33. Qe3 Be5 34. Rxd8 Rxd8 35. Nd3 Bd4 36. Qg3 Qxc2 37. Nb4 Qc4 38. Rd1 Qxb4 39. Qc7 Qd6 40. Qxa7 Bb3 41. Rd3 Bc4 42. Rh3 $19 Bg8 0-1